 Dungeon Sprint DCSS version 0.16.2-12-gd0ad4c3 (webtiles) character file.

153 Ponchio the Prestidigitator (level 5, -17/28 HPs)
             Began as a Deep Elf Fire Elementalist on Nov 7, 2015.
             Was a Follower of Vehumet.
             Killed from afar by a Shadow Fiend (41 damage)
             ... with a bolt of cold
             ... summoned by a deep elf demonologist
             ... in the Dungeon (Sprint V: "Ziggurat Sprint").
             The game lasted 00:07:58 (248 turns).

Ponchio the Prestidigitator (DEFE)                   Turns: 248, Time: 00:08:04

Health: -17/28     AC: 25    Str:  5    XL:     5   Next: 12%
Magic:  27/27      EV: -3    Int: 27    God:    Vehumet [*.....]
Gold:   0          SH:  0    Dex: 27    Spells: 1 memorised, 17 levels left

rFire  . . .     SeeInvis .     J - +6 Majin-Bo {vamp, Archmagi MP+6 Int+6}
rCold  . . .     Clarity  .     K - +15 Maxwell's patent armour {-Cast -Tele rElec MR+ rCorr}
rNeg   . . .     SustAb   .     (no shield)
rPois  .         Gourm    .     (no helmet)
rElec  +         Spirit   .     (no cloak)
rCorr  +         Warding  .     (no gloves)
rMut   .         NoTele   +     (no boots)
MR     +....     NoCast   +     (no amulet)
Stlth  ..........               A - +6 ring of dexterity
                                y - +6 ring of dexterity

@: very slightly contaminated, hasted, very quick, somewhat resistant to hostile
enchantments, extremely unstealthy
A: no striking features
a: Renounce Religion


You were in the Dungeon.
You worshipped Vehumet.
Vehumet was aware of your devotion.
You were not hungry.

You visited 1 branch

Inventory:

Hand weapons
 J - the +6 Majin-Bo (weapon) {vamp, Archmagi MP+6 Int+6}
   (You found it in the Dungeon)

   It inflicts no extra harm, but heals its wielder somewhat when it strikes a
   living foe.
   It affects your intelligence (+6).
   It affects your magic capacity (+6).
Armour
 a - a +0 robe
 n - the +11 chain mail "Uffacel" {rElec rF+ rC+ Int-2 Stlth+}
   (You found it in the Dungeon)

   It affects your intelligence (-2).
   It protects you from fire.
   It protects you from cold.
   It insulates you from electricity.
   It makes you more stealthy.
 K - the +15 Maxwell's patent armour (worn) {-Cast -Tele rElec MR+ rCorr}
   (You found it in the Dungeon)

   It insulates you from electricity.
   It affects your resistance to hostile enchantments.
   It prevents spellcasting.
   It prevents most forms of teleportation.
   It protects you from acid and corrosion.
Jewellery
 y - a +6 ring of dexterity (left hand)
 A - a +6 ring of dexterity (right hand)
 B - a +6 ring of intelligence
 C - a +6 ring of intelligence
 D - a +6 ring of strength
 E - a +6 ring of strength
Magical devices
 F - a wand of disintegration (4)
 G - a wand of fire (0)
 H - a wand of cold (5)
 I - a wand of draining (5)
Scrolls
 i - 4 scrolls of blinking
 q - 4 scrolls of amnesia
 r - 3 scrolls of recharging
 s - 7 scrolls of fog
 t - a scroll of holy word
 u - 5 scrolls of identify
 v - 4 scrolls of remove curse
 w - 2 scrolls of fear
Potions
 d - 9 potions of curing
 e - 9 potions of heal wounds
 f - 5 potions of haste
 g - 7 potions of magic
 h - 3 potions of berserk rage
 j - 2 potions of brilliance
 k - 2 potions of invisibility
 l - 2 potions of restore abilities
 m - 4 potions of resistance
 o - 5 potions of agility
 p - 5 potions of might
Books
 b - a book of Flames

   Spells                             Type                      Level
   a - Flame Tongue                   Conjuration/Fire             1
   b - Throw Flame                    Conjuration/Fire             2
   c - Conjure Flame                  Conjuration/Fire             3
   d - Inner Flame                    Hexes/Fire                   3
   e - Sticky Flame                   Conjuration/Fire             4
   f - Fireball                       Conjuration/Fire             5
Comestibles
 c - 5 bread rations
 x - 40 fruits
 z - 4 meat rations


   Skills:
 + Level 6.5 Dodging
 - Level 2.4 Stealth
 + Level 7.1 Spellcasting
 + Level 5.5 Conjurations
 - Level 3.2 Fire Magic
 - Level 8.8 Evocations


You had 17 spell levels left.
You knew the following spells:

 Your Spells              Type           Power        Failure   Level  Hunger
a - Flame Tongue          Conj/Fire      #####        100%        1    None


Dungeon Overview and Level Annotations

Branches:
Dungeon (1/1)

Altars:
Ashenzari
Cheibriados
Dithmenos
Elyvilon
Fedhas
Gozag
Kikubaaqudgha
Makhleb
Nemelex Xobeh
Okawaru
Qazlal
Ru
Sif Muna
Trog
Vehumet
Xom
Yredelemnul
Zin
The Shining One
Beogh
Jiyva
Lugonu


Message History

The deep elf demonologist unwields an uncursed long sword.
The deep elf demonologist drops an uncursed long sword.
The deep elf demonologist picks up a +2 vampiric short sword.
The deep elf demonologist wields a +2 vampiric short sword.
The raiju bites you but does no damage.
Found four items.
Drink which item? (? for menu, Esc to quit)
You feel yourself speed up.
The deep elf demonologist casts a spell.
The raiju bites you but does no damage.
You are very lightly contaminated with residual magic.
The ufetubus hits you but does no damage. x2
The raiju bursts into living lightning!
The living lightning hits you! You resist.
The raiju blinks!
The Shadow Fiend gestures at you.
The bolt of cold hits the ufetubus.
The ufetubus resists.
The ufetubus dies!
The bolt of cold hits you!
Ouch! That really hurt!
You die...

▓▓▓▓▓▓▓▓▓▓▓▓▓▓▓▓▓▓
▓.8©8.▓.8©8.▓.8©8.
▓.h|).▓..}}.▓.....
▓..}e.▓.|)..▓...}.
▓.51..▓.....▓.....
▓@....▓..)..▓..)..
▓.....▓.....▓.....
▓.§...▓.....▓▓▓▓▓▓
▓▓▓▓▓▓▓▓▓▓▓▓▓


You could see a Shadow Fiend, a deep elf demonologist, a raiju and an iron imp.

Vanquished Creatures
  4 orc priests (D)
  An orc wizard (D)
5 creatures vanquished.

Vanquished Creatures (others)
  An ufetubus (D)
1 creature vanquished.

Grand Total: 6 creatures vanquished

Notes
Turn   | Place    | Note
--------------------------------------------------------------
     0 | D        | Ponchio, the Deep Elf Fire Elementalist, began the quest for the Orb.
     0 | D        | Reached XP level 1. HP: 10/10 MP: 5/5
     0 | D        | Found a viscous altar of Jiyva.
     0 | D        | Found a corrupted altar of Lugonu.
     0 | D        | Found a white marble altar of Elyvilon.
     1 | D        | Found a burning altar of Makhleb.
     1 | D        | Found an iron altar of Okawaru.
     3 | D        | Found a sparkling altar of Nemelex Xobeh.
     3 | D        | Found a basalt altar of Yredelemnul.
     3 | D        | Found a deep blue altar of Sif Muna.
     3 | D        | Found a radiant altar of Vehumet.
     7 | D        | Found a bloodstained altar of Trog.
     7 | D        | Found a shimmering altar of Xom.
    36 | D        | Became a worshipper of Vehumet
    97 | D        | Reached skill level 8 in Evocations
    97 | D        | Reached XP level 2. HP: 15/15 MP: 8/8
    98 | D        | Entered arena 1.
    98 | D        | Noticed an orc priest
    98 | D        | Noticed an orc priest
   101 | D        | Killed an orc priest
   101 | D        | Reached XP level 3. HP: 19/19 MP: 12/12
   103 | D        | Killed an orc priest
   103 | D        | Reached skill level 5 in Spellcasting
   103 | D        | Reached XP level 4. HP: 16/24 MP: 17/17
   108 | D        | Got the +11 chain mail "Uffacel" {rElec rF+ rC+ Int-2 Stlth+}
   214 | D        | Entered arena 2.
   214 | D        | Noticed an orc priest
   214 | D        | Noticed an orc wizard
   214 | D        | Noticed an orc priest
   215 | D        | Killed an orc wizard
   215 | D        | Acquired Vehumet's first power
   215 | D        | Offered knowledge of Sandblast by Vehumet.
   215 | D        | Reached skill level 5 in Dodging
   216 | D        | Killed an orc priest
   219 | D        | Killed an orc priest
   219 | D        | Reached skill level 5 in Conjurations
   219 | D        | Reached XP level 5. HP: 28/28 MP: 21/21
   245 | D        | Entered arena 3.
   245 | D        | Noticed an iron imp
   245 | D        | Noticed a deep elf demonologist
   245 | D        | Noticed a raiju
   247 | D        | Noticed a Shadow Fiend
   248 | D        | Killed from afar by a Shadow Fiend

Action                   |  1- 3 |  4- 6 || total
-------------------------+-------+-------++-------
Evoke: Wand              |     2 |     6 ||     8
  Use: Potion            |     3 |     1 ||     4
       Scroll            |       |     1 ||     1
  Eat: Fruit             |     2 |       ||     2
       Chunk             |       |     1 ||     1
